 Dungeon Crawl Stone Soup version 0.28.0-43-g3370ac3207 (webtiles) character file.

Game seed: 6329889411973287078

13918 croobank the Thaumaturge (level 12, 0/121 HPs)
             Began as a Gnoll Fire Elementalist on Mar 1, 2022.
             Was an Elder of Hepliaklqana.
             Slain by Erica
             ... wielding a +1 scimitar of flaming
              (4 damage)
             ... on level 2 of the Lair of Beasts.
             The game lasted 00:53:54 (13311 turns).

croobank the Thaumaturge (Gnoll Fire Elementalist) Turns: 13311, Time: 00:53:55

Health: 0/121      AC: 14    Str:  8    XL:     12   Next: 11%
Magic:  8/24       EV: 17    Int: 19    God:    Hepliaklqana [****..]
Gold:   616        SH:  0    Dex: 19    Spells: 10/28 levels left

rFire   . . .      SeeInvis +   a - +6 quarterstaff (chaos)
rCold   . . .      Faith    .   (shield currently unavailable)
rNeg    . . .      Spirit   .   F - +2 steam dragon scales
rPois   .          Reflect  .   E - +2 helmet {SInv}
rElec   .          Harm     .   l - +0 cloak
rCorr   .          Rampage  .   g - +0 pair of gloves
Will    .....                   (no boots)
Stlth   ..........              (no amulet)
HPRegen 0.30/turn               t - ring of wizardry
MPRegen 0.19/turn               w - +6 ring of dexterity

@: mighty, berserking, silenced, very quick
A: reduced essence, fangs 1, strong nose, distributed training
a: Renounce Religion


You were on level 2 of the Lair of Beasts.
You worshipped Hepliaklqana.
Hepliaklqana was greatly pleased with you.
You visited 2 branches of the dungeon, and saw 13 of its levels.
You also visited: Sewer and Bailey.

You collected 666 gold pieces.
You spent 50 gold pieces at shops.

Inventory:

Hand Weapons
 a - a +6 quarterstaff of chaos (weapon)
 b - a +0 hunting sling of freezing
 s - a +2 mace of holy wrath
 y - a +1 war axe of venom
 I - a +0 shortbow
 N - a +3 falchion
 O - a +2 battleaxe of flaming
 R - a +0 dire flail
Missiles
 e - 182 stones
 n - 114 bolts
 o - 260 arrows
 r - 83 sling bullets
 K - 14 boomerangs
 M - 4 curare-tipped darts (quivered)
Armour
 d - a +0 robe
 f - a +0 ring mail of cold resistance
 g - a +0 pair of gloves (worn)
 j - a +0 kite shield
 l - a +0 cloak (worn)
 B - a +0 leather armour
 E - a +2 helmet of see invisible (worn)
 F - +2 steam dragon scales (worn)
 H - a +0 ring mail
Magical Staves
 h - a staff of cold
Jewellery
 p - a ring of fire
 t - a ring of wizardry (left hand)
 w - a +6 ring of dexterity (right hand)
 V - a ring of ice
Wands
 u - a wand of paralysis (16)
 v - a wand of iceblast (9)
 A - a wand of digging (8)
 C - a wand of flame (16)
 T - a wand of polymorph (3)
Scrolls
 m - 5 scrolls of teleportation
 D - a scroll of vulnerability
 J - 2 scrolls of fog
 Q - a scroll of amnesia
Potions
 c - 2 potions of flight
 i - a potion of ambrosia
 k - a potion of magic {unknown}
 q - 2 potions of lignification
 x - 2 potions of cancellation
 z - 2 potions of brilliance {unknown}
 G - 2 potions of mutation
 U - 2 potions of curing


   Skills:
 + Level 7.0 Fighting
 + Level 7.0 Short Blades
 + Level 7.0 Long Blades
 + Level 7.0 Axes
 + Level 7.0 Maces & Flails
 + Level 7.0 Polearms
 + Level 7.0 Staves
 + Level 7.0 Slings
 + Level 7.0 Bows
 + Level 7.0 Crossbows
 + Level 7.0 Throwing
 + Level 7.0 Armour
 + Level 8.4 Dodging
 + Level 8.2 Stealth
 + Level 7.0 Shields
 + Level 7.0 Unarmed Combat
 + Level 8.7 Spellcasting
 + Level 6.2 Conjurations
 + Level 5.8 Hexes
 + Level 5.8 Summonings
 + Level 5.8 Necromancy
 + Level 5.8 Translocations
 + Level 5.8 Transmutations
 + Level 8.0 Fire Magic
 + Level 5.8 Ice Magic
 + Level 5.8 Air Magic
 + Level 5.8 Earth Magic
 + Level 5.8 Poison Magic
 + Level 7.6 Invocations
 + Level 7.0 Evocations


You had 10 spell levels left.
You knew the following spells:

 Your Spells              Type           Power      Damage    Failure   Level
a - Foxfire               Conj/Fire      100%       2x1d9     1%          1
b - Scorch                Fire           78%        2d8       1%          2
c - Flame Wave            Conj/Fire      35%        2d8       1%          4
d - Confusing Touch       Hex            30%        N/A       1%          3
e - Tukima's Dance        Hex            30%        N/A       1%          3
f - Lightning Bolt        Conj/Air       15%        1d29      9%          5

Your spell library contained the following spells:

 Spells                   Type           Power      Damage    Failure   Level
 Slow                     Hex            100%       N/A       1%          1
 Static Discharge         Conj/Air       31%        N/A       1%          2
 Call Canine Familiar     Summ           30%        N/A       1%          3
 Conjure Flame            Conj/Fire      35%        6-21      1%          3
 Inner Flame              Hex/Fire       34%        N/A       1%          3
 Portal Projectile        Hex/Tloc       60%        N/A       1%          3
 Vampiric Draining        Necr           30%        2d8       1%          3
 Anguish                  Hex/Necr       15%        N/A       3%          4
 Animate Dead             Necr           15%        N/A       3%          4
 Leda's Liquefaction      Hex/Erth       15%        N/A       3%          4
 Enfeeble                 Hex            15%        N/A       92%         7
 Haunt                    Necr/Summ      15%        N/A       92%         7
 Infestation              Necr           15%        N/A       100%        8
 Maxwell's Capacitive Co  Air            15%        ∞         100%        8


Dungeon Overview and Level Annotations

Branches:
Dungeon (11/15)            Temple (0/1) D:7            Lair (2/6) D:11
    Orc (0/2) D:10          Sewer (visited)          Bailey (visited)
  Swamp: Lair:2-4    Shoals: Lair:2-4     Snake: Lair:2-4    Spider: Lair:2-4

Altars:
Dithmenos
Elyvilon
Hepliaklqana
Makhleb
Qazlal
Wu Jian
Zin
The Shining One

Shops:
D:2 ![(!   D:8 =

Annotations:
D:4 3 runed translucent doors, Jase's ghost, weakling NaVM
Lair:2 3 runed translucent doors, Erica; zeram's ghost, journeyman SpFi


Innate Abilities, Weirdness & Mutations

Your life essence is reduced to manifest your ancestor. (-10% HP)
You have very sharp teeth.
Your uncanny sense of smell can sniff out nearby items.
Your experience applies equally to all skills.


Message History

The black mamba bites you but does no damage.
Xochitl hits Erica with a +0 quarterstaff!
Erica hits Xochitl with a +1 scimitar of flaming!
The black mamba bites you but does no damage.
You sock the black mamba!
The black mamba is heavily wounded.
The black mamba bites you.
Xochitl closely misses Erica.
Erica hits Xochitl with a +1 scimitar of flaming!
Erica burns Xochitl.
You hit the black mamba.
The black mamba seems to grow stronger.
Your bite misses the black mamba.
The black mamba is severely wounded.
The black mamba misses you. The black mamba bites you!!
* * * LOW HITPOINT WARNING * * *
Xochitl hits Erica with a +0 quarterstaff!
Erica hits Xochitl with a +1 scimitar of flaming!
Xochitl is destroyed!
You sock the black mamba!
Lightning courses through the black mamba!!
You kill the black mamba!
Your Fighting skill increases to level 7!
Your Short Blades skill increases to level 7!
Your Long Blades skill increases to level 7!
Your Axes skill increases to level 7!
Your Maces & Flails skill increases to level 7!
Your Polearms skill increases to level 7!
Your Staves skill increases to level 7!
Your Slings skill increases to level 7!
Your Bows skill increases to level 7!
Your Crossbows skill increases to level 7!
Your Throwing skill increases to level 7!
Your Armour skill increases to level 7!
Your Shields skill increases to level 7!
Your Unarmed Combat skill increases to level 7!
Your Evocations skill increases to level 7!
A red film seems to cover your vision as you go berserk!
You feel yourself moving faster!
You feel mighty!
Erica hits you with a +1 scimitar of flaming!
* * * LOW HITPOINT WARNING * * *
Erica burns you.
You die...

.....#
P♣.##..#####...
......#####.###
P.P.
...........##
##. ..........##
.......†...###
.......†.....#
.......††..>#..#
...............#
.P..P..@.......#
#####..@##.....#
#...# ......
#..#. ...... ...
# ...#.. .... ##
..... ......


You could see Erica (invisible).

Vanquished Creatures
  Josephine (D:11)
  A hydra (Lair:1)
  3 two-headed ogres
  An ugly thing (D:10)
  A black mamba (Lair:2)
  3 komodo dragons
  3 wraiths (D:11)
  2 steam dragons
  A basilisk (Lair:1)
  6 water moccasins
  3 black bears
  7 orc warriors
  3 ice beasts
  5 necrophages
  4 wolves (Lair:2)
  2 centaurs
  A phantom (D:6)
  3 kobold brigands
  4 bullfrogs
  5 killer bees (D:9)
  2 wights (D:9)
  An electric eel (Lair:1)
  4 howler monkeys
  A bullfrog zombie (D:6)
  An orc priest (D:9)
  3 jellies
  Crazy Yiuf (D:3)
  A bullfrog skeleton (D:6)
  A hound (D:6)
  A centaur skeleton (D:7)
  4 orc wizards
  2 killer bee zombies
  3 gnolls
  13 adders
  A white imp (D:8)
  3 worms
  2 dart slugs (D:3)
  24 orcs
  A ball python (D:4)
  5 endoplasms
  3 giant cockroaches
  5 hobgoblins
  9 jackals
  5 quokkas
  4 bats
  2 frilled lizards
  7 goblins
  18 kobolds
  3 rats (D:2)
189 creatures vanquished.

Vanquished Creatures (collateral kills)
  A boulder beetle (D:11)
  Sonja (D:11)
  A cyclops (D:11)
  Maurice (D:11)
  An unseen horror (D:11)
  A troll (D:9)
  2 wyverns
  A steam dragon (D:10)
  4 wargs (D:10)
  A black bear (Lair:2)
  3 centaurs
  2 wolves (Lair:2)
  A phantom (D:7)
  2 bullfrogs
  3 killer bees (D:9)
  2 wights (D:9)
  A howler monkey (D:7)
  A jelly (D:8)
  An orc wizard (D:9)
  4 orcs (D:9)
  5 foxfires
39 creatures vanquished.

Vanquished Creatures (others)
  A dancing weapon (D:10)
  5 battlemagi
  An orc wizard (D:8)
  4 ancestors
  271 foxfires
  3 fungi
  11 plants
296 creatures vanquished.

Grand Total: 524 creatures vanquished

Notes
Turn   | Place    | Note
-------+----------+-------------------------------------------
     0 | D:1      | croobank the Gnoll Fire Elementalist began the quest for
                  | the Orb.
     0 | D:1      | Reached XP level 1. HP: 13/13 MP: 6/6
     6 | D:1      | Noticed a komodo dragon
     6 | D:1      | Noticed a swamp drake
     6 | D:1      | Noticed a hound
     7 | D:1      | Noticed a killer bee
     7 | D:1      | Noticed a polar bear
   427 | D:1      | You fall into a shaft and drop 1 floor!
   499 | D:2      | Found Waoxkeb's Distillery.
   514 | D:2      | Reached XP level 2. HP: 16/20 MP: 3/7
   518 | D:2      | Learned a level 2 spell: Scorch
   530 | D:2      | Bought a potion of heal wounds for 50 gold pieces
  1168 | D:2      | Found Irres's Distillery.
  1169 | D:2      | Found Hivanysal's Antique Armour Boutique.
  1200 | D:2      | Reached skill level 5 in Spellcasting
  1200 | D:2      | Reached XP level 3. HP: 25/25 MP: 3/9
  1283 | D:2      | Reached skill level 1 in Invocations
  1338 | D:2      | Found Odos's Antique Weapon Emporium.
  1444 | D:2      | Reached skill level 1 in Fighting
  1444 | D:2      | Reached skill level 1 in Short Blades
  1444 | D:2      | Reached skill level 1 in Long Blades
  1444 | D:2      | Reached skill level 1 in Axes
  1444 | D:2      | Reached skill level 1 in Maces & Flails
  1444 | D:2      | Reached skill level 1 in Polearms
  1444 | D:2      | Reached skill level 1 in Staves
  1444 | D:2      | Reached skill level 1 in Slings
  1444 | D:2      | Reached skill level 1 in Bows
  1444 | D:2      | Reached skill level 1 in Crossbows
  1444 | D:2      | Reached skill level 1 in Throwing
  1444 | D:2      | Reached skill level 1 in Armour
  1444 | D:2      | Reached skill level 1 in Shields
  1444 | D:2      | Reached skill level 1 in Unarmed Combat
  1444 | D:2      | Reached skill level 1 in Evocations
  1461 | D:2      | Reached XP level 4. HP: 25/32 MP: 0/11
  1473 | D:2      | Learned a level 4 spell: Flame Wave
  2621 | D:3      | Reached skill level 1 in Hexes
  2621 | D:3      | Reached skill level 1 in Summonings
  2621 | D:3      | Reached skill level 1 in Necromancy
  2621 | D:3      | Reached skill level 1 in Translocations
  2621 | D:3      | Reached skill level 1 in Transmutations
  2621 | D:3      | Reached skill level 1 in Ice Magic
  2621 | D:3      | Reached skill level 1 in Air Magic
  2621 | D:3      | Reached skill level 1 in Earth Magic
  2621 | D:3      | Reached skill level 1 in Poison Magic
  2635 | D:3      | Found a runed translucent door.
  2636 | D:3      | Noticed Crazy Yiuf
  2646 | D:3      | Killed Crazy Yiuf
  2647 | D:3      | Reached XP level 5. HP: 13/37 MP: 12/12
  2879 | D:3      | Found a white marble altar of Elyvilon.
  2879 | D:3      | Found a glowing silver altar of Zin.
  2879 | D:3      | Found a glowing golden altar of the Shining One.
  2947 | D:3      | Found a stormy altar of Qazlal.
  2957 | D:3      | Found a shadowy altar of Dithmenos.
  3247 | D:4      | Found a glowing drain.
  3262 | Sewer    | Entered a sewer
  3297 | Sewer    | Noticed a water moccasin
  3306 | Sewer    | Killed a water moccasin
  3307 | Sewer    | Reached XP level 6. HP: 36/44 MP: 8/14
  3614 | D:4      | Reached skill level 5 in Dodging
  3757 | D:4      | Found a runed translucent gate.
  3757 | D:4      | Found a runed translucent gate.
  3757 | D:4      | Found a runed translucent gate.
  3759 | D:4      | Noticed Jase's ghost (weakling NaVM)
  4282 | D:4      | Noticed a necrophage
  4288 | D:4      | Killed a necrophage
  4498 | D:5      | Entered Level 5 of the Dungeon
  4499 | D:5      | Noticed a necrophage
  4506 | D:5      | Killed a necrophage
  4507 | D:5      | Reached XP level 7. HP: 51/51 MP: 5/15
  5105 | D:6      | Reached skill level 5 in Stealth
  5235 | D:6      | Found a hazy altar of Hepliaklqana.
  5238 | D:6      | Became a worshipper of Hepliaklqana the Forgotten
  5259 | D:6      | Noticed a steam dragon
  5268 | D:6      | Reached XP level 8. HP: 50/57 MP: 7/16
  5549 | D:6      | Found an ornate altar of the Wu Jian Council.
  6524 | D:6      | Found a burning altar of Makhleb.
  6524 | D:6      | Noticed a blizzard demon
  6532 | D:6      | Noticed an orange demon
  6532 | D:6      | Noticed a hellwing
  6572 | D:7      | Reached * piety under Hepliaklqana
  6588 | D:7      | Reached XP level 9. HP: 56/58 MP: 14/18
  6763 | D:7      | Found a staircase to the Ecumenical Temple.
  6770 | D:7      | Noticed a komodo dragon
  6781 | D:7      | Killed a komodo dragon
  7634 | D:8      | Found a flagged portal.
  7646 | D:8      | Found Xuam's Jewellery Boutique.
  7667 | D:8      | Reached skill level 5 in Invocations
  7686 | Bailey   | Entered a bailey
  7722 | Bailey   | Noticed an orc warlord
  8181 | D:8      | Reached XP level 10. HP: 52/65 MP: 5/20
  8434 | D:8      | Reached skill level 5 in Fighting
  8434 | D:8      | Reached skill level 5 in Short Blades
  8434 | D:8      | Reached skill level 5 in Long Blades
  8434 | D:8      | Reached skill level 5 in Axes
  8434 | D:8      | Reached skill level 5 in Maces & Flails
  8434 | D:8      | Reached skill level 5 in Polearms
  8434 | D:8      | Reached skill level 5 in Staves
  8434 | D:8      | Reached skill level 5 in Slings
  8434 | D:8      | Reached skill level 5 in Bows
  8434 | D:8      | Reached skill level 5 in Crossbows
  8434 | D:8      | Reached skill level 5 in Throwing
  8434 | D:8      | Reached skill level 5 in Armour
  8434 | D:8      | Reached skill level 5 in Shields
  8434 | D:8      | Reached skill level 5 in Unarmed Combat
  8434 | D:8      | Reached skill level 5 in Evocations
  8710 | D:8      | Reached ** piety under Hepliaklqana
  8711 | D:8      | Remembered your ancestor Xochitl as a battlemage
  8765 | D:8      | Noticed a two-headed ogre
  8771 | D:8      | Killed a two-headed ogre
  9304 | D:9      | Reached skill level 5 in Conjurations
  9574 | D:9      | Noticed a two-headed ogre
  9618 | D:9      | Killed a two-headed ogre
 10287 | D:10     | Entered Level 10 of the Dungeon
 10394 | D:10     | Noticed a brown ugly thing
 10402 | D:10     | Killed a brown ugly thing
 10403 | D:10     | Reached XP level 11. HP: 72/72 MP: 13/22
 10686 | D:10     | Reached *** piety under Hepliaklqana
 10691 | D:10     | Learned a level 3 spell: Confusing Touch
 10695 | D:10     | Learned a level 3 spell: Tukima's Dance
 10712 | D:10     | Noticed a two-headed ogre
 11012 | D:10     | Found a staircase to the Orcish Mines.
 11021 | D:10     | Killed a two-headed ogre
 11022 | D:10     | Reached skill level 5 in Hexes
 11022 | D:10     | Reached skill level 5 in Summonings
 11022 | D:10     | Reached skill level 5 in Necromancy
 11022 | D:10     | Reached skill level 5 in Translocations
 11022 | D:10     | Reached skill level 5 in Transmutations
 11022 | D:10     | Reached skill level 5 in Ice Magic
 11022 | D:10     | Reached skill level 5 in Air Magic
 11022 | D:10     | Reached skill level 5 in Earth Magic
 11022 | D:10     | Reached skill level 5 in Poison Magic
 11278 | D:11     | Noticed Josephine
 11284 | D:11     | Killed Josephine
 11456 | D:11     | Noticed Maurice
 11468 | D:11     | Killed Maurice
 11486 | D:11     | Noticed a boulder beetle
 11499 | D:11     | Killed a boulder beetle
 11722 | D:11     | Noticed Sonja
 11729 | D:11     | Killed Sonja
 11795 | D:11     | Noticed a cyclops
 11808 | D:11     | Killed a cyclops
 12005 | D:11     | Found a staircase to the Lair.
 12025 | Lair:1   | Entered Level 1 of the Lair of Beasts
 12360 | Lair:1   | Noticed a four-headed hydra
 12371 | Lair:1   | Killed a four-headed hydra
 12659 | Lair:1   | Reached **** piety under Hepliaklqana
 12666 | Lair:1   | Learned a level 5 spell: Lightning Bolt
 12682 | Lair:1   | Reached XP level 12. HP: 80/80 MP: 16/24
 13268 | Lair:2   | Found a runed translucent gate.
 13268 | Lair:2   | Found a runed translucent gate.
 13269 | Lair:2   | Found a runed translucent gate.
 13271 | Lair:2   | Noticed a 13-headed hydra
 13272 | Lair:2   | Noticed zeram's ghost (journeyman SpFi)
 13273 | Lair:2   | Noticed a ten-headed hydra
 13297 | Lair:2   | Noticed Erica
 13311 | Lair:2   | HP: 4/121 [Erica/+1 scimitar of flaming (10)]
 13311 | Lair:2   | Slain by Erica

Illustrated notes

Levels and vault maps discovered:
D:1:      onia_arrival_zoo_common, layout_basic
D:2:      layout_basic, serial_shops, shop, nicolae_shop_stone, shop, shop
D:3:      layout_loops_ring, good_gods_mini_temple,
          nicolae_overflow_hidden_temple, uniq_crazy_yiuf_cottage
D:4:      layout_cave_pods, portal_sewer_entry_f, gammafunk_ghost_nasty_kobolds
D:5:      layout_rooms
D:6:      layout_gridville, amcnicky_altar_gilded, kennysheep_mini,
          makhleb_altar_promises_db
D:7:      layout_basic, minmay_temple_entry_glass
D:8:      layout_loops_ring, serial_shops, shop, enter_bailey_2,
          minmay_fractal_squares_diagonal_5
D:9:      layout_cave_pools, grunt_decor_fettered
D:10:     layout_basic, minmay_orc_entry_guard_dogs
D:11:     layout_rooms, david_lair_shrubbed, uniq_sonja, uniq_josephine,
          uniq_maurice
Lair:1:   layout_regular_city, serial_bayou_shore_a, grunt_megastairs_1,
          infiniplex_staircase_pool_2
Lair:2:   layout_cave_pods, nicolae_volcano_entry_lava_flow,
          gammafunk_ghost_hydra_chop, kennysheep_rathole, lemuel_fruit_tree,
          serial_bayou_shore_b, uniq_erica

Skill      XL: |  1  2  3  4  5  6  7  8  9 10 11 12 |
---------------+-------------------------------------+-----
Conjurations   | 2 3 4 5 6 |  6.2
Spellcasting   | 5 6 7 8 |  8.7
Invocations    | 1 2 3 4 5 6 7 |  7.6
Fighting       | 1 2 3 4 5 6 7 |  7.0
Short Blades   | 1 2 3 4 5 6 7 |  7.0
Long Blades    | 1 2 3 4 5 6 7 |  7.0
Axes           | 1 2 3 4 5 6 7 |  7.0
Maces & Flails | 1 2 3 4 5 6 7 |  7.0
Polearms       | 1 2 3 4 5 6 7 |  7.0
Staves         | 1 2 3 4 5 6 7 |  7.0
Slings         | 1 2 3 4 5 6 7 |  7.0
Bows           | 1 2 3 4 5 6 7 |  7.0
Crossbows      | 1 2 3 4 5 6 7 |  7.0
Throwing       | 1 2 3 4 5 6 7 |  7.0
Armour         | 1 2 3 4 5 6 7 |  7.0
Shields        | 1 2 3 4 5 6 7 |  7.0
Unarmed Combat | 1 2 3 4 5 6 7 |  7.0
Evocations     | 1 2 3 4 5 6 7 |  7.0
Hexes          | 1 2 3 4 5 |  5.8
Summonings     | 1 2 3 4 5 |  5.8
Necromancy     | 1 2 3 4 5 |  5.8
Translocations | 1 2 3 4 5 |  5.8
Transmutations | 1 2 3 4 5 |  5.8
Ice Magic      | 1 2 3 4 5 |  5.8
Air Magic      | 1 2 3 4 5 |  5.8
Earth Magic    | 1 2 3 4 5 |  5.8
Poison Magic   | 1 2 3 4 5 |  5.8
Dodging        | 5 6 7 8 |  8.4
Stealth        | 5 6 7 8 |  8.2
Fire Magic     | 6 7 8 |  8.0

Action                   |  1- 3 |  4- 6 |  7- 9 | 10-12 || total
-------------------------+-------+-------+-------+-------++-------
Melee: Spear             |    14 |     4 |       |       ||    18
       Bite              |     1 |     1 |    10 |    25 ||    37
       Mace              |       |     2 |       |       ||     2
       Punch             |       |     1 |       |       ||     1
       Quarterstaff      |       |    32 |    95 |   110 ||   237
 Fire: Hunting sling     |       |       |       |     2 ||     2
Throw: Dart              |       |       |       |     1 ||     1
 Cast: Foxfire           |    23 |    44 |    60 |    46 ||   173
       Scorch            |     9 |    17 |    51 |    61 ||   138
       Flame Wave        |       |       |     3 |     4 ||     7
       Confusing Touch   |       |       |       |    12 ||    12
       Tukima's Dance    |       |       |       |     6 ||     6
Invok: Ancestor Life: Ba |       |       |       |     1 ||     1
  Use: Scroll            |     2 |     6 |    10 |    12 ||    30
       Potion            |       |     3 |     3 |     6 ||    12
 Stab: Sleeping          |     1 |     1 |     1 |     1 ||     4
       Confused          |       |       |       |     6 ||     6
       Distracted        |       |       |       |     1 ||     1
Armor: Robe              |     4 |    12 |    10 |       ||    26
       Steam dragon scal |       |       |    32 |    59 ||    91
Dodge: Dodged            |    19 |    34 |   108 |   178 ||   339
